 Dungeon Crawl Stone Soup version 0.28-a0-883-gc8d7bad45d (webtiles) character file.

Game seed: 2402542392724005380

1551 mainiacjoe the Ruffian (level 8, 0/67 HPs)
             Began as a Demigod Transmuter on Nov 21, 2021.
             Slain by a wyvern (9 damage)
             ... on level 7 of the Dungeon.
             The game lasted 00:17:11 (8780 turns).

mainiacjoe the Ruffian (Demigod Transmuter)         Turns: 8780, Time: 00:17:12

Health: 0/67       AC:  7    Str: 19    XL:     8   Next: 31%
Magic:  13/13      EV:  9    Int: 15    God:
Gold:   236        SH:  8    Dex: 14    Spells: 7/10 levels left

rFire   . . .      SeeInvis .     - Unarmed
rCold   . . .      Faith    .   x - +0 kite shield
rNeg    . . .      Spirit   .   r - +0 scale mail
rPois   .          Reflect  .   (no helmet)
rElec   .          Harm     .   (no cloak)
rCorr   +          Rampage  .   j - +0 pair of gloves
Will    .....                   (no boots)
Stlth   ..........              (no amulet)
HPRegen 0.21/turn               v - ring of resist corrosion
MPRegen 0.13/turn               (no ring)

@: no status effects
A: high mp 1, forlorn
a: no special abilities


You were on level 7 of the Dungeon.
You visited 2 branches of the dungeon, and saw 8 of its levels.

You collected 236 gold pieces.

Inventory:

Missiles
 b - 4 javelins {=F}
 c - 96 bolts
 e - 5 boomerangs
 g - 130 stones
 i - 90 arrows
 y - 8 poisoned darts (quivered)
 z - 8 sling bullets
Armour
 a - a +0 robe
 j - a +0 pair of gloves (worn)
 m - a +0 ring mail
 r - a +0 scale mail (worn)
 x - a +0 kite shield (worn)
Jewellery
 v - a ring of resist corrosion (left hand)
Wands
 u - a wand of iceblast (9)
 C - a wand of mindburst (19)
Scrolls
 d - a scroll of enchant armour {unknown}
 f - 4 scrolls of enchant weapon
 h - a scroll of holy word
 l - a scroll of magic mapping {unknown}
 n - a scroll of immolation {unknown}
 o - a scroll of brand weapon {unknown}
 q - a scroll of teleportation {unknown}
 t - a scroll of vulnerability
 w - 3 scrolls of blinking
 B - 2 scrolls of amnesia {unknown}
 E - a scroll of fear {unknown}
Potions
 k - 3 potions of attraction
 p - 4 potions of curing
 s - a potion of lignification
 A - a potion of haste {unknown}
 D - a potion of brilliance {unknown}
 F - a potion of magic {unknown}


   Skills:
 + Level 4.6 Fighting
 + Level 4.9 Dodging
 + Level 2.6 Shields
 * Level 7.2 Unarmed Combat
 - Level 1.7 Spellcasting
 - Level 1.7 Transmutations


You had 7 spell levels left.
You knew the following spells:

 Your Spells              Type           Power      Damage    Failure   Level
a - Beastly Appendage     Tmut           12%        N/A       87%         1
b - Wereblood             Tmut           6%         N/A       95%         2

Your spell library contained the following spells:

 Spells                   Type           Power      Damage    Failure   Level
 Magic Dart               Conj           4%         1d3       98%         1
 Blink                    Tloc           2%         N/A       99%         2
 Call Imp                 Summ           1%         N/A       99%         2
 Ensorcelled Hibernation  Hex/Ice        2%         N/A       99%         2
 Static Discharge         Conj/Air       1%         N/A       99%         2
 Conjure Flame            Conj/Fire      1%         6-21      100%        3
 Frozen Ramparts          Ice            2%         1d2       100%        3
 Ignite Poison            Fire/Tmut/Pois 3%         N/A       100%        3
 Mephitic Cloud           Conj/Pois/Air  1%         N/A       100%        3
 Spider Form              Tmut/Pois      3%         N/A       100%        3
 Tukima's Dance           Hex            1%         N/A       100%        3
 Dispel Undead            Necr           1%         3d6       100%        4
 Ice Form                 Ice/Tmut       3%         N/A       100%        4
 Sticky Flame             Conj/Fire      1%         2d3       100%        4
 Summon Ice Beast         Ice/Summ       1%         N/A       100%        4
 Manifold Assault         Tloc           1%         N/A       100%        5
 Storm Form               Tmut/Air       1%         N/A       100%        7


Dungeon Overview and Level Annotations

Branches:
Dungeon (7/15)             Temple (1/1) D:7

Annotations:
D:7 2 runed translucent doors


Innate Abilities, Weirdness & Mutations

Your attributes grow dramatically as you level up.
You have an increased reservoir of magic. (+10% MP)
You shall have no god before yourself.


Message History

You block the centaur skeleton's attack.
The centaur skeleton kicks you.
You punch the centaur skeleton!
You destroy the centaur skeleton!
HP restored.
A wyvern comes into view.
The wyvern hisses angrily.
You throw a poisoned dart.
The poisoned dart barely misses the wyvern.
The wyvern bites you.
You barely miss the wyvern. The wyvern bites you!
You block the wyvern's attack.
You hit the wyvern but do no damage. The wyvern bites you!
You are too injured to fight recklessly!
You are too injured to fight recklessly!
You are too injured to fight recklessly!
You are too injured to fight recklessly!
You are too injured to fight recklessly!
You are too injured to fight recklessly!
You closely miss the wyvern. The wyvern bites you!
The wyvern closely misses you.
You punch the wyvern!
The wyvern is heavily wounded.
The wyvern bites you. You block the wyvern's attack.
You hit the wyvern but do no damage.
The wyvern is heavily wounded.
The wyvern bites you!
* * * LOW HITPOINT WARNING * * *
You punch the wyvern!
The wyvern is almost dead.
The wyvern bites you.
* * * LOW HITPOINT WARNING * * *
The wyvern bites you but does no damage.
You closely miss the wyvern.
The wyvern is severely wounded.
The wyvern bites you but does no damage.
You hit the wyvern.
The wyvern is almost dead.
You block the wyvern's attack. The wyvern bites you!
You die...

####################
#.l@................
####(#################.
#......# #. #.###### #.
##.### ####### #.
#....#####.....########.
+....+...'..............
#....#####......####....
.##....#####......#
#....


You could see a wyvern.

Vanquished Creatures
  A water moccasin (D:6)
  3 sky beasts
  A black bear (D:4)
  A necrophage (D:5)
  3 bullfrogs
  2 scorpions
  2 water moccasin zombies
  A bullfrog skeleton (D:5)
  An orc priest (D:4)
  4 hounds
  A centaur skeleton (D:7)
  4 iguanas
  Terence (D:3)
  An orc wizard (D:5)
  A hound zombie (D:5)
  A hound skeleton (D:4)
  7 adders
  2 white imps
  An adder skeleton (D:5)
  7 worms (D:5)
  A dart slug (D:4)
  9 orcs
  8 endoplasms
  5 giant cockroaches
  3 goblins (D:2)
  2 hobgoblins
  6 jackals
  10 kobolds
  2 quokkas
  7 ball pythons
  10 bats
  4 frilled lizards
  2 rats
114 creatures vanquished.

Vanquished Creatures (others)
  An orc (D:5)
  2 fungi (D:1)
  4 plants (D:1)
7 creatures vanquished.

Grand Total: 121 creatures vanquished

Notes
Turn   | Place    | Note
-------+----------+-------------------------------------------
     0 | D:1      | mainiacjoe the Demigod Transmuter began the quest for the
                  | Orb.
     0 | D:1      | Reached XP level 1. HP: 15/15 MP: 5/5
   135 | D:1      | Reached skill level 1 in Fighting
   199 | D:1      | Reached skill level 3 in Unarmed Combat
   369 | D:1      | Reached XP level 2. HP: 17/23 MP: 7/7
   372 | D:1      | Learned a level 2 spell: Wereblood
  1649 | D:2      | Reached XP level 3. HP: 28/28 MP: 6/8
  2619 | D:3      | Reached XP level 4. HP: 36/36 MP: 7/9
  2663 | D:3      | Noticed Terence
  2687 | D:3      | Killed Terence
  2688 | D:3      | Reached skill level 4 in Unarmed Combat
  3908 | D:4      | Noticed a black bear
  3917 | D:4      | Killed a black bear
  3918 | D:4      | Reached XP level 5. HP: 29/42 MP: 8/10
  5029 | D:5      | Entered Level 5 of the Dungeon
  5179 | D:5      | Reached XP level 6. HP: 40/50 MP: 11/11
  5365 | D:5      | Reached skill level 5 in Unarmed Combat
  5908 | D:5      | Reached XP level 7. HP: 43/57 MP: 12/12
  6882 | D:6      | Reached skill level 6 in Unarmed Combat
  6959 | D:6      | Reached skill level 1 in Shields
  7421 | D:6      | Upgraded the game from 0.28-a0-872-g80cf8599ee to
                  | 0.28-a0-883-gc8d7bad45d
  7614 | D:6      | Reached XP level 8. HP: 49/67 MP: 13/13
  8249 | D:7      | Reached skill level 7 in Unarmed Combat
  8346 | D:7      | Found a large runed translucent door.
  8348 | D:7      | Found a large runed translucent door.
  8416 | D:7      | Found a staircase to the Ecumenical Temple.
  8431 | Temple   | Entered the Ecumenical Temple
  8780 | D:7      | Slain by a wyvern

Illustrated notes

Levels and vault maps discovered:
D:1:      wander_arrival_chamber, layout_basic,
          shapermc_ecumenical_altar_mp_urbaneastern
D:2:      layout_loops_ring, minivault_25, hangedman_decor_growths,
          grunt_decor_junction
D:3:      layout_loops_cross, mainiacjoe_overflow_boulevard, kennysheep_donut,
          kennysheep_generic_room_9, uniq_terence
D:4:      layout_loops_corners, grunt_decor_cap, lemuel_flame_loot_1
D:5:      layout_basic, nemelex_xobeh_ov_fountains_minmay, nicolae_wormholes
D:6:      layout_loops_cross, mainiacjoe_overflow_large_starburst
D:7:      layout_basic, lemuel_tele_altar, jmf_multi_god_temple2,
          temple_fountains, abandoned_shop, hangedman_decor_clover_reticule,
          minmay_liquid_box
Temple:   jpeg_temple_island

Skill      XL: |  1  2  3  4  5  6  7  8 |
---------------+-------------------------+-----
Fighting       | 1 2 3 4 |  4.6
Dodging        | 2 3 4 |  4.9
Unarmed Combat | 3 4 5 6 7 |  7.2
Shields        | 2 |  2.6
Spellcasting   | |  1.7
Transmutations | |  1.7

Action                   |  1- 3 |  4- 6 |  7- 9 || total
-------------------------+-------+-------+-------++-------
Melee: Unarmed           |   131 |   175 |   170 ||   476
       Kick              |    19 |    16 |       ||    35
       Headbutt          |    13 |     9 |       ||    22
       Punch             |       |     7 |       ||     7
Throw: Stone             |    38 |    20 |       ||    58
       Javelin           |     1 |     2 |       ||     3
       Dart              |       |    30 |    43 ||    73
       Boomerang         |       |       |     2 ||     2
 Cast: Beastly Appendage |    28 |    12 |       ||    40
       Wereblood         |     2 |       |       ||     2
  Use: Scroll            |     2 |     7 |     1 ||    10
       Potion            |       |     2 |     1 ||     3
 Stab: Sleeping          |     1 |       |       ||     1
Armor: Robe              |    15 |       |       ||    15
       Ring mail         |    21 |       |       ||    21
       Scale mail        |     2 |    58 |    49 ||   109
Dodge: Dodged            |    91 |    88 |    43 ||   222
Block: Kite shield       |       |       |    54 ||    54

Table legend: (Time is in decaauts)
 A = Elapsed time spent in this place.
 B = Non-inter-level travel time spent in this place.
 C = Inter-level travel time spent in this place.
 D = Time resting spent in this place.
 E = Time spent auto-exploring this place.
 F = Levels seen in this place.
 G = Mean time per level.
                   A        B        C        D        E       F      G
               +--------+--------+--------+--------+--------+-----+--------+
         Total |   8846 |   8688 |    158 |   1085 |   6132 |   8 | 1105.8 |
       Dungeon |   8579 |   8431 |    148 |   1085 |   5881 |   7 | 1225.6 |
        Temple |    267 |    257 |     10 |      0 |    251 |   1 |  267.0 |
               +--------+--------+--------+--------+--------+-----+--------+

Top non-repeatable levels by time:
     D:4: 1717 daAuts
     D:1: 1505 daAuts
     D:5: 1396 daAuts
     D:3: 1304 daAuts
     D:6: 1297 daAuts
     D:2: 934 daAuts
     D:7: 423 daAuts
  Temple: 267 daAuts
